 Dungeon Crawl Stone Soup version 0.17.0-57-g0e89251 (webtiles) character file.

1719 plasmid the Archer (level 8, -6/68 HPs)
             Began as a Centaur Hunter on Dec 7, 2015.
             Was a Believer of Nemelex Xobeh.
             Shot with an arrow by a centaur (8 damage)
             ... on level 6 of the Dungeon on Dec 8, 2015.
             The game lasted 00:53:22 (4927 turns).

plasmid the Archer (Centaur Hunter)                 Turns: 4927, Time: 00:53:22

Health: -6/68      AC: 10    Str: 16    XL:     8   Next: 75%
Magic:  12/12      EV:  9    Int: 10    God:    Nemelex Xobeh [**....]
Gold:   211        SH:  0    Dex: 11    Spells: 0 memorised, 7 levels left

rFire  . . .     SeeInvis .     a - +1 shortbow
rCold  . . .     Clarity  .     d - +3 leather armour
rNeg   . . .     SustAt   .     (shield currently unavailable)
rPois  .         Gourm    .     L - +1 hat
rElec  .         Spirit   .     Q - +1 cloak
rCorr  .         Warding  .     (no gloves)
rMut   .         Stasis   .     (no barding)
MR     .....                    (no amulet)
Stlth  +.........               (no ring)
                                p - ring of flight

@: very quick, not resistant to hostile enchantments, very unstealthy
A: hooves 3, deformed body, speed 2, tough skin 3
a: Renounce Religion, Evoke Flight


You were on level 6 of the Dungeon.
You worshipped Nemelex Xobeh.
Nemelex Xobeh was pleased with you.
You were not hungry.

You visited 2 branches of the dungeon, and saw 7 of its levels.

You collected 211 gold pieces.

Inventory:

Hand Weapons
 a - a +1 shortbow (weapon)
 b - a +0 short sword
 g - a +4 flail of holy wrath
 i - a +0 spear
 D - a +0 hunting sling
 I - a cursed -2 dagger
 R - a +2 whip of holy wrath
 S - a +0 shortbow
 W - a +0 hand crossbow
Missiles
 h - 6 poisoned arrows
 l - 68 stones
 r - a throwing net
 u - 14 javelins
 x - 13 bolts
 z - 5 tomahawks
 B - 8 poisoned needles
 N - 34 arrows (quivered)
Armour
 c - a +1 leather armour
 d - a +3 leather armour (worn)
 F - a +0 large shield
 L - a +1 hat (worn)
 Q - a +1 cloak (worn)
 U - the cursed +0 hat of Impressiveness {Str-3 Int+3 Dex+7, unknown}
   (You found it on level 5 of the Dungeon)

   It affects your strength (-3).
   It affects your intelligence (+3).
   It affects your dexterity (+7).
   It has a curse placed upon it.
Jewellery
 m - a cursed ring of teleportation
 p - a ring of flight (left hand)
Wands
 k - a wand of lightning (0)
 P - a wand of flame (7)
 T - a wand of draining (7)
Scrolls
 n - 3 scrolls of identify
 o - 2 scrolls of recharging
 q - 7 scrolls of remove curse
 w - 2 scrolls of magic mapping
 y - a scroll of fog
 E - 2 scrolls of enchant armour
 X - a scroll of enchant weapon {unknown}
 Y - a scroll of teleportation {unknown}
Potions
 j - 2 potions of haste {unknown}
 s - 2 potions of agility {unknown}
 t - a potion of poison {unknown}
 A - a potion of degeneration {unknown}
 C - a potion of lignification {unknown}
 H - a potion of curing {unknown}
 M - 3 potions of ambrosia {unknown}
 O - a potion of heal wounds {unknown}
 Z - a potion of resistance {unknown}
Miscellaneous
 f - an ornate deck of destruction {drawn: 7}
 v - a plain deck of escape {drawn: 2}
Comestibles
 e - 4 bread rations
 G - 3 meat rations
 J - a beef jerky
 K - a slice of pizza
 V - a royal jelly


   Skills:
 + Level 5.0 Fighting
 + Level 4.9 Slings
 - Level 10.0 Bows
 - Level 1.3 Dodging
 - Level 0.5 Stealth
 + Level 5.5 Evocations


You had 7 spell levels left.
You didn't know any spells.

Dungeon Overview and Level Annotations

Branches:
Dungeon (6/15)             Temple (1/1) D:4

Altars:
Elyvilon
Gozag
Nemelex Xobeh
Sif Muna


Innate Abilities, Weirdness & Mutations

You have hooves in place of feet.
Armour fits poorly on your strangely shaped body.
You cover ground very quickly.
You have extremely tough skin (AC +3).


Message History

* * * LOW HITPOINT WARNING * * *
The centaur shoots an arrow.
The arrow hits you!
* * * LOW HITPOINT WARNING * * *
The centaur shoots an arrow.
The arrow hits you but does no damage.
You see here an arrow.
The centaur shoots an arrow.
The arrow hits you!
* * * LOW HITPOINT WARNING * * *
The arrow freezes you.
* * * LOW HITPOINT WARNING * * *
Evoke which item? (* to show all) (? for menu, Esc to quit)
You draw a card...
It is the Hammer.
You have drawn the Hammer.
Press: ? - help, Shift-Dir - straight line, f/p - centaur
Aim: a centaur, wielding a shortbow of freezing (severely wounded)
The stone arrow hits the centaur.
You kill the centaur!
Your Fighting skill increases to level 5!
The centaur shoots an arrow.
The arrow hits you!
You die...
Your body disappears without a glow.

*,,,**,* #.###..........
**,,,**,* #.##...........
*,,,,.*>#######............##
*,,,,..,.................####
**,,,#..####.....##..........
*,,,*,......#..##..#..######
*,,,*,,....##.##..##..# ####
*****,,###..#.##.##..## #...
#,,*###@.....##.## #.##
**#...#..(.#.####.# ***,*
*,,,#(...(((.#....# *,,,*
*,...c.........#### *,***
*,...).....##### ***,*
*,..#....#..,******,,,*
**#*#.######.,,**,,,######
#.* *##,**,**...... #,*
**,,,<**.#####


You could see a centaur.

Vanquished Creatures
  A steam dragon (D:4)
  A sky beast (D:5)
  2 ogres
  2 centaurs (D:6)
  2 giant frogs (D:6)
  A scorpion (D:6)
  A crimson imp (D:3)
  A giant frog zombie (D:6)
  A centaur zombie (D:6)
  A hound (D:5)
  2 orc priests
  2 orc wizards (D:5)
  An iguana (D:5)
  Jessica (D:3)
  Natasha (thrice) (D:3)
  2 worker ants
  A hound zombie (D:5)
  A worker ant zombie (D:5)
  4 adders
  A shadow imp (D:5)
  An adder skeleton (D:5)
  3 giant geckos
  14 orcs
  3 ball pythons
  6 bats
  6 hobgoblins
  3 jackals (D:2)
  12 kobolds
  A ball python skeleton (D:5)
  5 giant cockroaches
  4 giant newts
  6 goblins
  A jackal skeleton (D:4)
  7 quokkas
  10 rats
113 creatures vanquished.

Vanquished Creatures (collateral kills)
  The ghost of tof the Covered, a novice HuBe of Trog (D:6)
  A bat (D:4)
2 creatures vanquished.

Vanquished Creatures (others)
  A giant cockroach (D:4)
1 creature vanquished.

Grand Total: 116 creatures vanquished

Notes
Turn   | Place    | Note
--------------------------------------------------------------
     0 | D:1      | plasmid the Centaur Hunter began the quest for the Orb.
     0 | D:1      | Reached XP level 1. HP: 17/17 MP: 1/1
   309 | D:1      | Reached XP level 2. HP: 24/24 MP: 2/2
   317 | D:1      | Reached skill level 6 in Bows
   838 | D:2      | Reached XP level 3. HP: 29/29 MP: 3/3
   921 | D:2      | Found an opulent altar of Gozag.
  1174 | D:2      | Reached skill level 7 in Bows
  1208 | D:2      | Found a sparkling altar of Nemelex Xobeh.
  1256 | D:2      | Became a worshipper of Nemelex Xobeh the Trickster
  1330 | D:2      | Found a white marble altar of Elyvilon.
  1527 | D:3      | Noticed Natasha
  1538 | D:3      | Killed Natasha
  1538 | D:3      | Reached XP level 4. HP: 36/36 MP: 4/4
  1575 | D:3      | Received a gift from Nemelex Xobeh
  1697 | D:3      | Noticed Natasha
  1698 | D:3      | Reached skill level 1 in Evocations
  1702 | D:3      | Killed Natasha
  1816 | D:3      | Noticed Jessica
  1820 | D:3      | Killed Jessica
  1896 | D:3      | Reached skill level 8 in Bows
  1896 | D:3      | Reached XP level 5. HP: 41/41 MP: 6/6
  2053 | D:3      | Noticed Natasha
  2058 | D:3      | Killed Natasha
  2103 | D:4      | Reached * piety under Nemelex Xobeh
  2139 | D:4      | Received a gift from Nemelex Xobeh
  2345 | D:4      | Found a staircase to the Ecumenical Temple.
  2348 | D:4      | Noticed an ogre
  2357 | D:4      | Noticed a steam dragon
  2357 | D:4      | an ogre changed into a steam dragon
  2362 | D:4      | Killed a steam dragon
  2362 | D:4      | Reached skill level 9 in Bows
  2363 | D:4      | Reached XP level 6. HP: 38/48 MP: 7/7
  2431 | Temple   | Entered the Ecumenical Temple
  2706 | D:4      | Noticed an ogre
  2728 | D:4      | Killed an ogre
  2944 | D:4      | Received a gift from Nemelex Xobeh
  3287 | D:5      | Entered Level 5 of the Dungeon
  3312 | D:5      | Reached skill level 10 in Bows
  3355 | D:5      | Got a fine hat
  3386 | D:5      | Reached XP level 7. HP: 55/55 MP: 9/9
  3450 | D:5      | Reached skill level 1 in Slings
  3730 | D:5      | Reached ** piety under Nemelex Xobeh
  3886 | D:5      | Found a deep blue altar of Sif Muna.
  4250 | D:6      | Received a gift from Nemelex Xobeh
  4345 | D:6      | Reached XP level 8. HP: 63/63 MP: 11/11
  4506 | D:6      | Noticed tof's ghost (novice HuBe)
  4584 | D:6      | Killed tof's ghost
  4584 | D:6      | Reached skill level 5 in Evocations
  4926 | D:6      | HP: 2/67 [centaur/arrow (2)]
  4927 | D:6      | Reached skill level 5 in Fighting
  4927 | D:6      | Shot with an arrow by a centaur

Action                   |  1- 3 |  4- 6 |  7- 9 || total
-------------------------+-------+-------+-------++-------
Melee: Short sword       |       |    12 |     9 ||    21
       Dagger            |       |     8 |       ||     8
       Shortbow          |       |       |     2 ||     2
 Fire: Shortbow          |   122 |    78 |   125 ||   325
Throw: Tomahawk          |       |     6 |       ||     6
       Stone             |       |     1 |       ||     1
Evoke: Deck              |       |     8 |    14 ||    22
       Wand              |       |     5 |    28 ||    33
  Use: Scroll            |     3 |     3 |     3 ||     9
  Eat: Chunk             |     1 |     4 |     1 ||     6
       Bread ration      |       |       |     1 ||     1
